 Dungeon Crawl Stone Soup version 0.25.1-2-g60ff931df9 (webtiles) character file.

Game seed: 9902808261722923290

89 Joresh2 the Firebug (level 4, -4/30 HPs)
             Began as a Demonspawn Fire Elementalist on Sept 2, 2020.
             Slain by a gnoll (6 damage)
             ... on level 3 of the Dungeon.
             The game lasted 00:11:06 (2514 turns).

Joresh2 the Firebug (Demonspawn Fire Elementalist)  Turns: 2514, Time: 00:11:07

Health: -4/30      AC:  5    Str:  8    XL:     4   Next: 31%
Magic:  1/7        EV: 13    Int: 18    God:
Gold:   111        SH:  0    Dex: 19    Spells: 4/8 levels left

rFire    . . .     SeeInvis .   i - +1 short sword
rCold    . . .     Gourm    .   (no shield)
rNeg     . . .     Faith    .   a - +0 robe
rPois    .         Spirit   .   (no helmet)
rElec    .         Reflect  .   (no cloak)
rCorr    .         Harm     .   (no gloves)
MR       .....                  l - +0 pair of boots
Stlth    ++........             (no amulet)
HPRegen  0.10/turn              m - +6 ring of dexterity
MPRegen  0.10/turn              (no ring)

@: very slightly contaminated
A: hooves 1, iridescent scales 1
a: no special abilities


You were on level 3 of the Dungeon.
You were not hungry.

You visited 1 branch of the dungeon, and saw 3 of its levels.

You collected 111 gold pieces.

Inventory:

Hand Weapons
 i - a +1 short sword (weapon)
 k - a +0 hunting sling
Missiles
 j - 11 poisoned darts (quivered)
 n - 5 boomerangs
Armour
 a - a +0 robe (worn)
 l - a +0 pair of boots (worn)
 u - a +0 pair of gloves
Jewellery
 m - a +6 ring of dexterity (left hand)
 o - an uncursed ring of ice
 q - an uncursed ring of wizardry {unknown}
Wands
 d - a wand of flame (21)
Scrolls
 b - 5 scrolls of identify
 p - 2 scrolls of amnesia
 t - a scroll of enchant weapon
Potions
 e - 2 potions of haste {unknown}
 g - a potion of lignification {unknown}
 h - a potion of curing {unknown}
 r - a potion of invisibility
 s - a potion of brilliance {unknown}
Comestibles
 c - 7 rations
 f - 5 chunks of flesh


   Skills:
 - Level 1.8 Dodging
 - Level 1.8 Stealth
 + Level 2.6 Spellcasting
 + Level 1.4 Conjurations
 * Level 4.1 Fire Magic


You had 4 spell levels left.
You knew the following spells:

 Your Spells              Type           Power        Failure   Level  Hunger
a - Foxfire               Conj/Fire      ##..         5%          1    #......
b - Conjure Flame         Conj/Fire      ##......     16%         3    ###....

Your spell library contained the following spells:

 Spells                   Type           Power        Failure   Level  Hunger
 Inner Flame              Hex/Fire       #.......     22%         3    ###....
 Sticky Flame             Conj/Fire      ##......     47%         4    #####..
 Fireball                 Conj/Fire      ##........   83%         5    ######.


Dungeon Overview and Level Annotations

Branches:
Dungeon (3/15)

Altars:
Qazlal
Uskayaw
Yredelemnul
Zin
The Shining One


Innate Abilities, Weirdness & Mutations

You have large cloven feet.
You are partially covered in iridescent scales. (AC +2)


Message History

You see here a quarterstaff.
Casting: Foxfire (safe; 5% risk of failure)
Confirm with . or Enter, or press ? or * to list all spells.
You conjure some foxfire!
The foxfire hits the gnoll but does no damage.
The gnoll is moderately wounded.
The foxfire hits the gnoll but does no damage.
The gnoll is moderately wounded.
Casting: Foxfire (safe; 5% risk of failure)
Confirm with . or Enter, or press ? or * to list all spells.
You conjure some foxfire!
The gnoll hits you.
* * * LOW HITPOINT WARNING * * *
The foxfire hits the gnoll but does no damage.
The gnoll is moderately wounded.
The foxfire hits the gnoll.
The gnoll is heavily wounded.
Casting: Foxfire (safe; 5% risk of failure)
Confirm with . or Enter, or press ? or * to list all spells.
You conjure some foxfire!
The gnoll hits you.
You die...

#.# ##.≈≈.#≈≈≈.### #.#
#.##≈≈.#..≈≈.# #.#
##.######≈≈..# #.# ##.#
#≈≈≈#.## #.# ##.##≈≈≈###.#
#.# #≈.########.## #.##
#≈≈......<...# ### #..###
#≈#.v§.......# #.# ##...###
###..@g....).# #.# ###...###
#...v.....)######.#
###...####............##...#
###...#...........#....#.#
###.........≈≈.....###.##
####.....≈.....#.......
#.≈.≈..............#
###.....#.#####.....
####.##.# #...###.


You could see a gnoll.

Vanquished Creatures
  An adder (D:2)
  2 gnolls (D:3)
  An ooze (D:2)
  A worm (D:2)
  2 leopard geckos (D:3)
  3 giant cockroaches
  2 hobgoblins
  4 jackals (D:1)
  3 quokkas
  11 bats
  5 frilled lizards
  2 gnoll zombies (D:2)
  4 goblins
  7 kobolds
  8 rats
56 creatures vanquished.

Vanquished Creatures (others)
  134 foxfires
134 creatures vanquished.

Grand Total: 190 creatures vanquished

Notes
Turn   | Place    | Note
-------+----------+-------------------------------------------
     0 | D:1      | Joresh2 the Demonspawn Fire Elementalist began the quest
                  | for the Orb.
     0 | D:1      | Reached XP level 1. HP: 13/13 MP: 3/3
   203 | D:1      | Reached skill level 3 in Fire Magic
   207 | D:1      | Gained mutation: You have large cloven feet. [demonic
                  | ancestry]
   207 | D:1      | Reached XP level 2. HP: 19/19 MP: 0/5
   808 | D:2      | Reached XP level 3. HP: 18/24 MP: 1/6
   885 | D:2      | Learned a level 3 spell: Conjure Flame
   895 | D:2      | Found a stormy altar of Qazlal.
  1139 | D:2      | Found a basalt altar of Yredelemnul.
  1184 | D:2      | Found a glowing golden altar of the Shining One.
  2231 | D:3      | Found a glowing silver altar of Zin.
  2288 | D:3      | Found a hide-covered altar of Uskayaw.
  2316 | D:3      | Reached skill level 4 in Fire Magic
  2339 | D:3      | Gained mutation: You are partially covered in iridescent
                  | scales. (AC +2) [demonic ancestry]
  2339 | D:3      | Reached XP level 4. HP: 15/30 MP: 1/7
  2514 | D:3      | Slain by a gnoll

Illustrated notes

Levels and vault maps discovered:
D:1:      dpeg_arrival_lava_temple_mockup, layout_rooms
D:2:      layout_basic, grunt_qazlal_sundering, lemuel_zombie_altar_yredelemnul,
          nicolae_tso_carved_into_rock, first_ration
D:3:      layout_rooms, eat_drink_and_be_merry_uskayaw, zin_academy,
          grunt_gozag_breadcrumbs, gup_sewer_entry_bowl, serial_rivers,
          chequers_serial_rivers_micro_c, chequers_serial_rivers_room_a,
          chequers_serial_rivers_small_b, chequers_serial_rivers_micro_b,
          chequers_serial_rivers_small_b, chequers_serial_rivers_micro_a

Skill      XL: |  1  2  3 |
---------------+----------+-----
Fire Magic     | 3 4 |  4.1
Dodging        | |  1.8
Stealth        | |  1.8
Spellcasting   | |  2.6
Conjurations   | |  1.4

Action                   |  1- 3 |  4- 6 || total
-------------------------+-------+-------++-------
Melee: Short sword       |     8 |     3 ||    11
 Cast: Foxfire           |    62 |    16 ||    78
  Use: Scroll            |     6 |       ||     6
       Potion            |       |     1 ||     1
  Eat: Chunk             |     5 |     1 ||     6
Armor: Robe              |    22 |     5 ||    27
Dodge: Dodged            |    52 |    16 ||    68
